 Dungeon Crawl Stone Soup version 0.30.2 (webtiles) character file.

Game seed: 6859978789250405739

13 porpoise the Poker (level 2, -2/23 HPs)
             Began as a Demonspawn Gladiator on Apr 18, 2024.
             Killed from afar by a dart slug (4 damage)
             ... with a slug dart
             ... on level 1 of the Dungeon.
             The game lasted 00:00:56 (256 turns).

porpoise the Poker (Demonspawn Gladiator)            Turns: 256, Time: 00:00:57

Health: -2/23      AC:  4    Str: 14    XL:     2   Next: 24%
Magic:  2/2        EV: 12    Int:  9    God:
Gold:   0          SH:  0    Dex: 14    Spells: 1/1 levels left

rFire   . . .        a - +0 trident
rCold   . . .        (no shield)
rNeg    . . .        b - +0 leather armour
rPois   .            c - +0 helmet
rElec   .            (no cloak)
rCorr   +            (no gloves)
SInv    .            (no boots)
Will    .....        (no amulet)
Stlth   +            i - ring of resist corrosion
HPRegen 0.23/turn    (no ring)
MPRegen 0.08/turn

%: no passive effects
@: no status effects
A: hooves 1
a: no special abilities


You were on level 1 of the Dungeon.
You visited 1 branch of the dungeon, and saw 1 of its levels.

Inventory:

Hand Weapons
 a - a +0 trident (weapon)
Missiles
 d - 3 throwing nets (quivered)
 e - a javelin
Armour
 b - a +0 leather armour (worn)
 c - a +0 helmet (worn)
Jewellery
 g - an amulet of guardian spirit
 i - a ring of resist corrosion (left hand)
Scrolls
 f - a scroll of identify {unknown}
Potions
 h - a potion of curing {unknown}


   Skills:
 + Level 2.3 Fighting
 * Level 3.2 Polearms
 - Level 1.7 Throwing
 - Level 2.6 Dodging


You had one spell level left.
You didn't know any spells.
Your spell library was empty.

Dungeon Overview and Level Annotations

Branches:
Dungeon (1/15)

Altars:

Shops:
D:1 =


Innate Abilities, Weirdness & Mutations

You have large cloven feet.


Message History

The ball python closely misses you. The ball python completely misses you.
You closely miss the ball python. The ball python barely misses you. x2
You barely miss the ball python. The ball python bites you.
The ball python misses you. The ball python bites you.
The ball python misses you.
You hit the ball python but do no damage.
The ball python barely misses you. x2
You closely miss the ball python. The ball python closely misses you.
The ball python grabs you. The ball python constricts you.
You puncture the ball python!
You kill the ball python!
You closely miss the gnoll. The gnoll hits you with a +0 club.
You hit the gnoll.
The gnoll is heavily wounded.
The gnoll hits you with a +0 club.
* * * LOW HITPOINT WARNING * * *
The gnoll hits you with a +0 club.
* * * LOW HITPOINT WARNING * * *
You are too injured to fight recklessly!
You hit the gnoll.
The gnoll is severely wounded.
The gnoll hits you with a +0 club.
* * * LOW HITPOINT WARNING * * *
You closely miss the gnoll.
The gnoll is severely wounded.
The gnoll barely misses you.
You puncture the gnoll!
You kill the gnoll!
Your Polearms skill increases to level 3!
You have reached level 2!
Your demonic ancestry asserts itself...
Your feet thicken and deform.
Reach: a) +0 trident
Press: ? - help, Dir - move target, f - dart slug
Aim: a dart slug (about 7% to evade your +0 trident)
You reach to attack!
You puncture the dart slug!
The dart slug is severely wounded.
The dart slug launches a dart at you. The slug dart hits you.
You die...

.........#.# #...
#####.##...# ###.
#.###### #.. ##+## ##.
##...## ## ##.....## ###
. ##.......## ##.#
....####.........####...
.....w)@.........'......
....####.........####...
. ##.......## ##.#
##.....## ### ##...## #
##+## # #


You could see a dart slug.

Vanquished Creatures
  A gnoll (D:1)
  2 ball pythons (D:1)
3 creatures vanquished.

Notes
Turn   | Place    | Note
-------+----------+-------------------------------------------
     0 | D:1      | porpoise the Demonspawn Gladiator began the quest for the
                  | Orb.
     0 | D:1      | Reached XP level 1. HP: 16/16 MP: 1/1
    73 | D:1      | Found Vippecis's Jewellery Shop.
   256 | D:1      | Reached skill level 3 in Polearms
   256 | D:1      | Gained mutation: You have large cloven feet. [demonic
                  | ancestry]
   256 | D:1      | Reached XP level 2. HP: 2/23 MP: 2/2
   256 | D:1      | Killed from afar by a dart slug

Illustrated notes

Levels and vault maps discovered:
D:1:      mainiacjoe_arrival_reflecting_pool, layout_loops_corners,
          serial_shops, nicolae_shop_just_a_little_nook, grunt_decor_fettered,
          minmay_misc_feat_tiny, minmay_worlds_worst_comb

Skill      XL: |  1 |
---------------+----+-----
Polearms       | 3 |  3.2
Fighting       | |  2.3
Throwing       | |  1.7
Dodging        | |  2.6

Action                     || total
---------------------------++-------
  Melee: Trident           ||    14
 Armour: Leather armour    ||     1
  Dodge: Dodged            ||    13
